 Dungeon Crawl Stone Soup version 0.31-a0-859-g9dce7d3444 (webtiles) character file.

Game seed: 1484418291361685760

1575 redmage the Mimic (level 8, -2/48 HPs)
             Began as an Octopode Shapeshifter on Oct 10, 2023.
             Was an Initiate of Gozag.
             Splashed by a jelly's acid (11 damage)
             ... on level 6 of the Dungeon.
             The game lasted 00:15:22 (5892 turns).

redmage the Mimic (Octopode Shapeshifter)           Turns: 5892, Time: 00:15:24

Health: -2/48      AC: -3    Str: 13    XL:     8   Next: 91%
Magic:  8/8        EV: 13    Int: 12    God:    Gozag
Gold:   818        SH:  0    Dex: 14    Spells: 7/7 levels left

rFire   . .          .
                       - Unarmed
rCold   + . .        (no shield)
rNeg    . . .        (helmet currently unavailable)
rPois   +            (no amulet)
rElec   .            m - ring of poison resistance
rCorr   .            s - ring of protection from cold
SInv    .            (no ring)
Will    .....        (no ring)
Stlth   ++++         (no ring)
HPRegen 0.28/turn    (no ring)
MPRegen 0.11/turn    (no ring)
                     (no ring)

%: no passive effects
@: beast-form, corroded, gold aura
A: beast (slay +4), almost no armour, amphibious, 8 rings, camouflage 1,
gelatinous body 1, (nimble swimmer 1), tentacles
a: Begin Untransformation, Renounce Religion, Potion Petition, Call Merchant,
Bribe Branch


You were on level 6 of the Dungeon.
You worshipped Gozag.
Gozag was pleased with you.
You were a hulking beast.
You visited 1 branch of the dungeon, and saw 6 of its levels.

You collected 862 gold pieces.
You spent 25 gold pieces at shops.
You paid 19 gold pieces to Gozag.

Inventory:

Missiles
 d - a throwing net
 f - 6 poisoned darts (quivered)
Jewellery
 m - a ring of poison resistance (left tentacle)
 s - a ring of protection from cold (right tentacle)
Talismans
 b - a beast talisman (active)
 e - a serpent talisman
Wands
 o - a wand of charming (6)
 u - a wand of flame (23)
Scrolls
 c - 2 scrolls of fog {unknown}
 h - 2 scrolls of teleportation
 i - 2 scrolls of fear
 l - a scroll of noise
 n - 2 scrolls of blinking
 t - 2 scrolls of amnesia {unknown}
 v - a scroll of immolation {unknown}
Potions
 a - 3 potions of lignification
 g - 2 potions of resistance
 j - a potion of curing
 k - 2 potions of cancellation
 p - a potion of mutation
 q - a potion of invisibility {unknown}
 r - 2 potions of enlightenment {unknown}


   Skills:
 - Level 1.0 Fighting
 - Level 2.0 Dodging
 - Level 4.0 Stealth
 - Level 7.0 Unarmed Combat
 + Level 8.2 Shapeshifting


You had 7 spell levels left.
You didn't know any spells.
Your spell library contained the following spells:

 Spells                   Type           Power      Damage    Failure   Level
 Apportation              Tloc           0%         N/A       32%         1
 Necrotise                Necr           0%         1d4       32%         1
 Summon Small Mammal      Summ           0%         N/A       32%         1
 Jinxbite                 Hex            0%         N/A       45%         2
 Gell's Gravitas          Tloc           0%         N/A       69%         3
 Teleport Other           Tloc           0%         N/A       69%         3
 Alistair's Intoxication  Tmut/Pois      0%         N/A       100%        5
 Dispersal                Tloc           0%         N/A       100%        6


Dungeon Overview and Level Annotations

Branches:
Dungeon (6/15)
 Temple: D:4-7

Altars:
Elyvilon
Gozag
Trog
Uskayaw
Wu Jian
Xom
Yredelemnul

Shops:
D:2 :   D:5 *

Annotations:
D:3 1 runed translucent door, Crazy Yiuf
D:4 3 runed translucent doors, MachoJfn's ghost, amateur DsNe; Natasha


Innate Abilities, Weirdness & Mutations

You are a hulking beast.
Your limbs bulge with bestial killing power. (Slay +4)
You cannot wear most types of armour.
You are amphibious.
You can wear up to eight rings at the same time.
Your skin changes colour to match your surroundings (Stealth+).
Your rubbery body absorbs attacks. (AC +1, EV +1)
((You are camouflaged when in or above water. (Stealth+)))
You have tentacles for arms and can constrict up to eight enemies at once.


Message History

You see here a +0 dagger.
Things that are here:
a +0 falchion; a +0 dagger of holy wrath; a +0 robe The orc shouts!
You catch the helpless steam dragon completely off-guard!
You tentacle-slap the steam dragon.
You squeeze the steam dragon, but do no damage.
The steam dragon is moderately wounded.
The steam dragon breathes steam at you. The ball of steam hits you.
The ice beast is distracted by your dazzling golden aura.
You bludgeon the steam dragon! Your squeeze misses the steam dragon.
The steam dragon is heavily wounded.
The steam dragon breathes steam at you. The ball of steam hits you!
An orc priest comes into view. It is wielding a +0 hand axe.
The steam dragon attacks as it pursues you!
The steam dragon bites you. The steam dragon barely misses you.
Things that are here:
a +0 falchion; a +0 dagger of holy wrath; a +0 robe You barely miss the steam dragon.
The steam dragon is heavily wounded.
The steam dragon bites you! The steam dragon claws you.
You bludgeon the steam dragon! Your squeeze misses the steam dragon.
The steam dragon is almost dead.
The steam dragon bites you. The steam dragon closely misses you.
The jelly is engulfed in a cloud of scalding steam.
You tentacle-slap the steam dragon but do no damage.
You squeeze the steam dragon.
You kill the steam dragon!
The orc priest miscasts a cantrip.
Your Shapeshifting skill increases to level 8!
You tentacle-slap the jelly.
Your tentacles burn!
* * * LOW HITPOINT WARNING * * *
The jelly is lightly wounded.
The jelly hits you.
* * * LOW HITPOINT WARNING * * *
The acid corrodes you!
You are splashed with acid!
You die...
Your body crumbles into a pile of gold.

#...)).'..............#
##.#####.............|#
#.# #..............#
#.# #.....######....
#.# #.....# ##### #.#
####### # #.#
#.######### .
#.)).hJo..##....
########.oY.....
...............
#.###........o.
#.....#.... #.....# ...
#.....# .. #.....# .
#.....#


You could see an ice beast, a jelly, an orc priest and an orc.

Vanquished Creatures
  4 humans (D:6)
  A steam dragon (D:6)
  An ice beast (D:5)
  2 scorpions
  A howler monkey (D:6)
  A gnoll bouda (D:5)
  A hound (D:5)
  Jessica (D:3)
  6 iguanas
  2 sleepcaps
  Natasha (D:4)
  5 orc wizards
  Robin (D:3)
  3 adders
  4 gnolls (D:5)
  3 ufetubi (D:6)
  3 dart slugs (D:2)
  11 orcs
  4 endoplasms
  4 giant cockroaches
  19 goblins
  6 hobgoblins
  3 quokkas
  11 ball pythons
  7 bats
  A frilled lizard (D:1)
  9 kobolds
  7 rats
122 creatures vanquished.

Notes
Turn   | Place    | Note
-------+----------+-------------------------------------------
     0 | D:1      | redmage the Octopode Shapeshifter began the quest for the
                  | Orb.
     0 | D:1      | Reached XP level 1. HP: 13/13 MP: 1/1
   173 | D:1      | Found a faded altar of an unknown god.
   306 | D:1      | Reached XP level 2. HP: 12/18 MP: 2/2
  1096 | D:2      | Reached XP level 3. HP: 17/23 MP: 3/3
  1140 | D:2      | Found an opulent altar of Gozag.
  1164 | D:2      | Became a worshipper of Gozag Ym Sagoz the Greedy
  1545 | D:2      | Found Jedaadgh's Book Shop.
  1678 | D:3      | Found a shimmering altar of Xom.
  1717 | D:3      | Identified the +0 leather armour of Inquiry {+Blink Int+3
                  | Dex-4}
  1808 | D:3      | Found an ornate altar of the Wu Jian Council.
  1872 | D:3      | Identified the +6 scale mail "Ynogae" {rF+}
  1946 | D:3      | Found a runed translucent door.
  1947 | D:3      | Noticed Crazy Yiuf
  2066 | D:3      | Noticed Jessica
  2070 | D:3      | Killed Jessica
  2071 | D:3      | Reached XP level 4. HP: 28/28 MP: 4/4
  2078 | D:3      | Noticed Robin
  2090 | D:3      | Reached skill level 4 in Shapeshifting
  2147 | D:3      | Killed Robin
  2637 | D:4      | Reached XP level 5. HP: 33/33 MP: 5/5
  2849 | D:4      | Found a basalt altar of Yredelemnul.
  2898 | D:4      | Found a runed translucent gate.
  2898 | D:4      | Found a runed translucent gate.
  2898 | D:4      | Noticed MachoJfn's ghost (amateur DsNe)
  2908 | D:4      | Noticed a kobold brigand
  2909 | D:4      | Found a runed translucent gate.
  2958 | D:4      | Found a bloodstained altar of Trog.
  3041 | D:4      | Noticed Natasha
  3050 | D:4      | Killed Natasha
  3185 | D:4      | Reached skill level 5 in Unarmed Combat
  3185 | D:4      | Reached XP level 6. HP: 3/38 MP: 6/6
  3187 | D:4      | Noticed Natasha
  3339 | D:4      | Found an opulent altar of Gozag.
  3554 | D:5      | Entered Level 5 of the Dungeon
  3574 | D:5      | Found a hide-covered altar of Uskayaw.
  3638 | D:5      | Reached skill level 5 in Shapeshifting
  3832 | D:5      | Noticed an ice beast
  3836 | D:5      | Killed an ice beast
  3837 | D:5      | Reached XP level 7. HP: 35/43 MP: 7/7
  3950 | D:5      | Found Ecse's Assorted Antiques.
  3956 | D:5      | Bought a scroll labelled QIGOCS PIEF for 25 gold pieces
  3999 | D:5      | Found a white marble altar of Elyvilon.
  4684 | D:6      | Reached skill level 6 in Shapeshifting
  4747 | D:6      | Reached skill level 1 in Stealth
  5152 | D:6      | Noticed a human
  5181 | D:6      | Killed a human
  5182 | D:6      | Reached XP level 8. HP: 29/48 MP: 8/8
  5454 | D:6      | Reached skill level 7 in Shapeshifting
  5891 | D:6      | Reached skill level 8 in Shapeshifting
  5892 | D:6      | Splashed by a jelly's acid

Illustrated notes

Levels and vault maps discovered:
D:1:      dpeg_arrival_circle_labyrinth_b, layout_basic,
          hellmonk_ecumenical_altar_lost_god
D:2:      layout_rooms, serial_shops, nicolae_book_shop_shelving,
          serial_corexii_hall, corexii_hall_statues_l, chequers_hall_statues_y,
          basic_altar, st_stairs_10
D:3:      layout_loops_ring, lemuel_round_altar,
          nicolae_wu_jian_immortal_techniques, uniq_jessica,
          uniq_crazy_yiuf_cottage, uniq_robin
D:4:      layout_loops_ring, lemuel_round_altar, trog_butcher_becter,
          kennysheep_little_box, gammafunk_ghost_nasty_kobolds, uniq_natasha
D:5:      layout_loops_ring, elyvilon_altar_4,
          mainiacjoe_overflow_concentric_impassable, serial_shops, shop,
          grunt_ministairs_6, minmay_misc_feat_cross
D:6:      layout_basic, minmay_ruffians

Skill      XL: |  1  2  3  4  5  6  7  8 |
---------------+-------------------------+-----
Unarmed Combat | 4 5 6 7 |  7.0
Shapeshifting  | 4 5 6 8 |  8.2
Stealth        | 2 4 |  4.0
Fighting       | |  1.0
Dodging        | |  2.0

Action                     |  1- 3 |  4- 6 |  7- 9 || total
---------------------------+-------+-------+-------++-------
  Melee: Unarmed           |    67 |   103 |    90 ||   260
         Constrict         |    14 |    23 |    20 ||    57
         Tentacles         |     7 |    22 |    30 ||    59
         Punch             |     3 |     4 |     5 ||    12
  Throw: Dart              |       |     1 |     3 ||     4
  Evoke: Wand              |       |       |     5 ||     5
    Use: Scroll            |       |     8 |       ||     8
         Potion            |       |     1 |     2 ||     3
   Stab: Sleeping          |     9 |     7 |     1 ||    17
         Distracted        |     1 |       |     1 ||     2
 Armour: Skin              |    18 |    34 |    54 ||   106
  Dodge: Dodged            |    43 |    43 |    38 ||   124

Table legend: (Time is in decaauts)
 A = Elapsed time spent in this place.
 B = Non-inter-level travel time spent in this place.
 C = Inter-level travel time spent in this place.
 D = Time resting spent in this place.
 E = Time spent auto-exploring this place.
 F = Levels seen in this place.
 G = Mean time per level.
                   A        B        C        D        E       F      G
               +--------+--------+--------+--------+--------+-----+--------+
         Total |   5867 |   5607 |    260 |    378 |   4253 |   6 |  977.8 |
       Dungeon |   5867 |   5607 |    260 |    378 |   4253 |   6 |  977.8 |
               +--------+--------+--------+--------+--------+-----+--------+

Top non-repeatable levels by time:
     D:6: 1282 daAuts
     D:3: 1069 daAuts
     D:1: 1012 daAuts
     D:5: 1012 daAuts
     D:4: 839 daAuts
     D:2: 651 daAuts
